 Dungeon Crawl Stone Soup version 0.32-a0-120-gfac0567ad4 (webtiles) character file.

Game seed: 7528878733538293246

1644702 holysushi the Conqueror (level 27, 224/224 HPs)
             Began as an Octopode Hunter on Feb 6, 2024.
             Was the Champion of Ashenzari.
             Escaped with the Orb
             ... and 3 runes!
             The game lasted 02:06:41 (76343 turns).

holysushi the Conqueror (Octopode Hunter)          Turns: 76343, Time: 02:06:42

Health: 224/224    AC:  4    Str:  8    XL:     27
Magic:  41/42      EV: 75    Int: 12    God:    Ashenzari [******]
Gold:   3644       SH:  0    Dex: 58    Spells: 56/56 levels left

rFire   + . .        a - +6 arbalest "Behold Eternity" {freeze, Comp, Range} (curse)
rCold   + + .        (shield currently unavailable)
rNeg    + + +        C - +1 hat of Ouranomancy {-Cast Harm Int-5 Dex+6, Cun, Dev} (curse)
rPois   +            o - amulet "Omniscient Sorrow" {Spirit Rampage rN+ Dex+3, Dev, Range} (curse)
rElec   +            N - ring of the Tethered Mistrust {*Corrode rN++ Will+ Str+2, Elem, Dev} (curse)
rCorr   .            u - ring of the Shattered Burden {rPois rC+ rN+ Will+ SInv, Melee, Range} (curse)
SInv    +            G - ring of Ashenzari's Irritation {Dex+6 Stlth+, Self, Range} (curse)
Will    ++++.        F - ring "Omniscient Levity" {rF+, Self, Comp} (curse)
Stlth   +++++        S - ring "Tethered With Me" {Int+6, Comp, Cun} (curse)
HPRegen 0.57/turn    j - ring "Seer of Ashenzari" {Dex+6, Bglg, Cun} (curse)
MPRegen 0.28/turn    b - ring of Ashenzari's Paranoia {rElec rC- rN+ Dex+4 SInv, Fort, Dev} (curse)
                     h - ring "Gnostic Foul Odours" {rPois rC++ Str-5 Dex+6, Bglg, Range} (curse)

%: no spellcasting, corrode self (3%), harm (+30% outgoing, +20% incoming),
clarity, guardian spirit, rampage
@: no status effects
A: almost no armour, amphibious, 8 rings, camouflage 1, gelatinous body 1,
(nimble swimmer 1), tentacles, tentacle spike 1, iridescent scales 1,
deterioration 1, dopey 1, subdued magic 1, MP-powered wands, persistent drain
0: Orb of Zot
}: 3/15 runes: barnacled, abyssal, gossamer
a: Renounce Religion, Shatter the Chains


You escaped.
You worshipped Ashenzari.
Ashenzari was exalted by your worship.
You visited 9 branches of the dungeon, and saw 46 of its levels.
You visited the Abyss 1 time.
You also visited: Sewer, Ice Cave, Volcano and Desolation.

You collected 7014 gold pieces.
You spent 3370 gold pieces at shops.

Inventory:

Hand Weapons
 a - the cursed +6 arbalest "Behold Eternity" (weapon) {freeze, Comp, Range}
   (You acquired it on level 4 of the Dungeon)

   It has a curse which improves the following skills: Companions: Summonings
   and Necromancy.
   Ranged Combat: Ranged Weapons and Throwing.
Armour
 C - the cursed +1 hat of Ouranomancy (worn) {-Cast Harm Int-5 Dex+6, Cun, Dev}
   (You acquired it on level 3 of the Vaults)

   Int-5:     It affects your intelligence (-5).
   Dex+6:     It affects your dexterity (+6).
   -Cast:     It prevents spellcasting.
   Harm:      It increases damage dealt and taken.
   It has a curse which improves the following skills: Cunning: Dodging and
   Stealth.
   Devices:   Evocations and Shapeshifting.
Jewellery
 b - the cursed ring of Ashenzari's Paranoia (on tentacle) {rElec rC- rN+ Dex+4 SInv, Fort, Dev}
   (You found it in the Desolation of Salt)

   [ring of see invisible]

   Dex+4:     It affects your dexterity (+4).
   rC-:       It makes you vulnerable to cold.
   rElec:     It insulates you from electricity.
   rN+:       It protects you from negative energy.
   SInv:      It lets you see invisible.
   It has a curse which improves the following skills: Fortitude: Shields.
   Devices:   Evocations and Shapeshifting.
 h - the cursed ring "Gnostic Foul Odours" (on tentacle) {rPois rC++ Str-5 Dex+6, Bglg, Range}
   (You took it off a deep elf annihilator on level 3 of the Elven Halls)

   [ring of dexterity]

   Str-5:     It affects your strength (-5).
   Dex+6:     It affects your dexterity (+6).
   rC++:      It greatly protects you from cold.
   rPois:     It protects you from poison It has a curse which improves the
   following skills: Beguiling: Hexes and Translocations.
   Ranged Combat: Ranged Weapons and Throwing.
 j - the cursed ring "Seer of Ashenzari" (on tentacle) {Dex+6, Bglg, Cun}
   (You found it on level 2 of the Spider Nest)

   [ring of dexterity]

   Dex+6:     It affects your dexterity (+6).
   It has a curse which improves the following skills: Beguiling: Hexes and
   Translocations.
   Cunning:   Dodging and Stealth.
 o - the cursed amulet "Omniscient Sorrow" (around mantle) {Spirit Rampage rN+ Dex+3, Dev, Range}
   (You found it in the Desolation of Salt)

   [amulet of guardian spirit]

   Spirit:    It causes incoming damage to be divided between your reserves of
   health and magic.
   Dex+3:     It affects your dexterity (+3).
   rN+:       It protects you from negative energy.
   Rampage:   It bestows one free step when moving towards enemies.
   It has a curse which improves the following skills: Devices: Evocations and
   Shapeshifting.
   Ranged Combat: Ranged Weapons and Throwing.
 u - the cursed ring of the Shattered Burden (right tentacle) {rPois rC+ rN+ Will+ SInv, Melee, Range}
   (You found it on level 13 of the Dungeon)

   [ring of see invisible]

   rC+:       It protects you from cold.
   rPois:     It protects you from poison rN+: It protects you from negative
   energy.
   Will+:     It increases your willpower.
   SInv:      It lets you see invisible.
   It has a curse which improves the following skills: Melee Combat: Short
   Blades, Long Blades, Axes, Maces & Flails, Polearms, Staves and Unarmed
   Combat.
   Ranged Combat: Ranged Weapons and Throwing.
 F - the cursed ring "Omniscient Levity" (on tentacle) {rF+, Self, Comp}
   (You found it on level 9 of the Dungeon)

   [ring of protection from fire]

   rF+:       It protects you from fire.
   It has a curse which improves the following skills: Introspection: Fighting
   and Spellcasting.
   Companions: Summonings and Necromancy.
 G - the cursed ring of Ashenzari's Irritation (on tentacle) {Dex+6 Stlth+, Self, Range}
   (You took it off an ironbound convoker in the Desolation of Salt)

   [ring of dexterity]

   Dex+6:     It affects your dexterity (+6).
   Stlth+:    It makes you more stealthy.
   It has a curse which improves the following skills: Introspection: Fighting
   and Spellcasting.
   Ranged Combat: Ranged Weapons and Throwing.
 N - the cursed ring of the Tethered Mistrust (left tentacle) {*Corrode rN++ Will+ Str+2, Elem, Dev}
   (You found it in the Desolation of Salt)

   [ring of willpower]

   Str+2:     It affects your strength (+2).
   rN++:      It greatly protects you from negative energy.
   Will+:     It increases your willpower.
   *Corrode:  It may corrode you when you take damage.
   It has a curse which improves the following skills: Elements: Fire Magic, Ice
   Magic, Air Magic and Earth Magic.
   Devices:   Evocations and Shapeshifting.
 O - the ring of Moderation {rPois rF+++ Will- Int+7}
   (You took it off a salamander on level 1 of the Depths)

   [ring of poison resistance]

   Int+7:     It affects your intelligence (+7).
   rF+++:     It renders you almost immune to fire.
   rPois:     It protects you from poison Will-: It decreases your willpower.
 S - the cursed ring "Tethered With Me" (on tentacle) {Int+6, Comp, Cun}
   (You found it on level 1 of the Lair of Beasts)

   [ring of intelligence]

   Int+6:     It affects your intelligence (+6).
   It has a curse which improves the following skills: Companions: Summonings
   and Necromancy.
   Cunning:   Dodging and Stealth.
 X - the ring "Conure" {rN+ Will+ MP-9 Str+3}
   (You found it on level 4 of the Vaults)

   [ring of willpower]

   Str+3:     It affects your strength (+3).
   rN+:       It protects you from negative energy.
   Will+:     It increases your willpower.
   MP-9:      It affects your magic capacity (-9).
Wands
 p - a wand of acid (60)
 v - a wand of roots (19)
 E - a wand of paralysis (30)
 J - a wand of digging (16)
Scrolls
 c - 3 scrolls of brand weapon
 d - 18 scrolls of teleportation
 k - 45 scrolls of identify
 m - 11 scrolls of amnesia
 x - 5 scrolls of revelation
 y - 10 scrolls of poison
 B - 13 scrolls of enchant weapon
 D - 4 scrolls of fog
 H - 7 scrolls of enchant armour
 I - 5 scrolls of immolation
 M - 3 scrolls of blinking
 P - 6 scrolls of fear
 R - a scroll of torment
 V - 2 scrolls of butterflies
 W - 3 scrolls of vulnerability
 Y - 2 scrolls of silence
Potions
 e - 2 potions of cancellation
 f - 6 potions of invisibility
 g - 5 potions of lignification
 i - 3 potions of magic
 l - 8 potions of heal wounds
 n - 8 potions of ambrosia
 q - 30 potions of curing
 r - 5 potions of mutation
 s - 6 potions of haste
 t - 7 potions of resistance
 w - 4 potions of might
 A - 8 potions of brilliance
 K - 6 potions of berserk rage
 Q - 7 potions of attraction
 U - 9 potions of enlightenment
Miscellaneous
 z - a tin of tremorstones (2/2)
 L - a lightning rod (4/4)
 T - a box of beasts
 Z - a phial of floods


   Skills:
 O Level 27 Fighting
 - Level 21.5(27) Ranged Weapons
 - Level 24.3(27) Dodging
 + Level 19.9(24.3) Stealth
 - Level 11.4(15.0) Spellcasting
 - Level 21.7(27) Evocations


You had 56 spell levels left.
You didn't know any spells.
Your spell library contained the following spells:

 Spells                   Type           Power      Damage    Failure   Level
 Apportation              Tloc           14%        N/A       4%          1
 Kiss of Death            Conj/Necr      28%        2d7       4%          1
 Necrotise                Necr           32%        1d5       4%          1
 Slow                     Hex            28%        N/A       4%          1
 Summon Small Mammal      Summ           32%        N/A       4%          1
 Shock                    Conj/Air       28%        1d4       5%          1
 Sting                    Conj/Alch      24%        1d4       5%          1
 Call Imp                 Summ           16%        N/A       7%          2
 Jinxbite                 Hex            14%        N/A       7%          2
 Sublimation of Blood     Necr           8%         N/A       7%          2
 Momentum Strike          Conj/Tloc      14%        3d8       8%          2
 Mercury Vapours          Alch/Air       14%        N/A       9%          2
 Vampiric Draining        Necr           8%         2d6       13%         3
 Confusing Touch          Hex            7%         N/A       14%         3
 Sigil of Binding         Hex            7%         N/A       14%         3
 Tukima's Dance           Hex            7%         N/A       14%         3
 Frozen Ramparts          Ice            14%        1d3       16%         3
 Inner Flame              Hex/Fire       7%         N/A       16%         3
 Volatile Blastmotes      Fire/Tloc      14%        2d11      16%         3
 Hailstorm                Conj/Ice       7%         3d5       17%         3
 Animate Dead             Necr           8%         N/A       43%         4
 Dispel Undead            Necr           8%         3d8       43%         4
 Martyr's Knell           Necr/Summ      8%         N/A       43%         4
 Anguish                  Hex/Necr       4%         N/A       45%         4
 Cause Fear               Hex            3%         N/A       45%         4
 Passage of Golubria      Tloc           7%         N/A       45%         4
 Summon Blazeheart Golem  Fire/Summ      7%         N/A       45%         4
 Summon Lightning Spire   Summ/Air       7%         N/A       45%         4
 Airstrike                Air            3%         2d(1-17)  50%         4
 Iskenderun's Mystic Bla  Conj/Tloc      7%         2d4       50%         4
 Brom's Barrelling Bould  Conj/Erth      7%         2d3       52%         4
 Fulminant Prism          Conj/Alch      3%         3d5       52%         4
 Ignite Poison            Fire/Alch      7%         N/A       52%         4
 Leda's Liquefaction      Alch/Erth      3%         N/A       52%         4
 Olgreb's Toxic Radiance  Alch           6%         N/A       52%         4
 Petrify                  Alch/Erth      7%         N/A       52%         4
 Sticky Flame             Fire/Alch      7%         2d4       52%         4
 Curse of Agony           Necr           8%         N/A       80%         5
 Borgnjor's Vile Clutch   Necr/Erth      3%         N/A       82%         5
 Metabolic Englaciation   Hex/Ice        3%         N/A       83%         5
 Silence                  Hex/Air        3%         N/A       83%         5
 Lee's Rapid Deconstruct  Erth           3%         3d5*      85%         5
 Yara's Violent Unravell  Hex/Alch       3%         3d4       85%         5
 Fireball                 Conj/Fire      3%         3d4       86%         5
 Alistair's Intoxication  Alch           4%         N/A       87%         5
 Irradiate                Conj/Alch      3%         3d12      87%         5
 Iskenderun's Battlesphe  Conj           6%         2d6       87%         5
 Conjure Ball Lightning   Conj/Air       3%         3x3d6     100%        6
 Eringya's Noxious Bog    Alch           3%         4d6       100%        6
 Sculpt Simulacrum        Ice/Alch       3%         N/A       100%        6
 Enfeeble                 Hex            3%         N/A       100%        7
 Haunt                    Necr/Summ      4%         N/A       100%        7
 Orb of Destruction       Conj           3%         9d5       100%        7
 Ozocubu's Refrigeration  Ice            3%         4d8       100%        7
 Spellforged Servitor     Conj/Summ      3%         N/A       100%        7
 Summon Hydra             Summ           4%         N/A       100%        7
 Discord                  Hex            3%         N/A       100%        8
 Disjunction              Tloc           3%         N/A       100%        8
 Ignition                 Fire           3%         3d4       100%        8
 Infestation              Necr           4%         N/A       100%        8
 Lehudib's Crystal Spear  Conj/Erth      3%         10d3      100%        8
 Chain Lightning          Conj/Air       3%         3d4       100%        9
 Dragon's Call            Summ           4%         N/A       100%        9
 Fire Storm               Conj/Fire      3%         8d1       100%        9
 Polar Vortex             Ice            3%         N/A       100%        9
 Shatter                  Erth           3%         3d7*      100%        9
 Animate Armour           Summ/Erth      Unusable   N/A       N/A         4

Dungeon Overview and Level Annotations

Branches:
Dungeon (15/15)            Temple (0/1) D:5            Lair (5/5) D:11
 Shoals (4/4) Lair:3       Spider (4/4) Lair:3        Slime (0/5) Lair:5
    Orc (2/2) D:9             Elf (3/3) Orc:2        Vaults (4/5) D:14
  Crypt (0/3) Vaults:3     Depths (4/4) D:15            Zot (5/5) Depths:4
  Sewer (visited)           IceCv (visited)         Volcano (visited)
Desolation (visited)

Altars:
Ashenzari
Cheibriados
Fedhas
Kikubaaqudgha
Nemelex Xobeh
Okawaru
Qazlal
Ru
Uskayaw
Vehumet
Wu Jian
Xom
Jiyva

Shops:
D:3 :   D:5 *   D:8 :   D:13 [   D:15 :   Orc:2 !=:[[   Elf:1 (   Elf:3 ?
Shoals:4 !   Vaults:3 (?!?   Vaults:4 :   Depths:1 ?

Portals:
Hell: Depths:1 Depths:2 Depths:3 Depths:4
Abyss: Depths:1 Depths:2 Depths:3
Pandemonium: Depths:2
Ziggurat: Depths:3

Annotations:
D:2 1 runed translucent door, Crazy Yiuf
D:3 exclusion: 2 downstairs
D:4 1 runed translucent door, Juni's ghost, novice NaFE
D:7 Dowan; Duvessa
Shoals:2 1 runed translucent door, Azoth's ghost, journeyman DrSh
Zot:3 8 runed translucent doors


Innate Abilities, Weirdness & Mutations

You cannot wear most types of armour.
You are amphibious.
You can wear up to eight rings at the same time.
Your skin changes colour to match your surroundings (Stealth+).
Your rubbery body absorbs attacks. (AC +1, EV +1)
((You are camouflaged when in or above water. (Stealth+)))
You have tentacles for arms and can constrict up to eight enemies at once.
One of your tentacles bears a spike.
You are partially covered in iridescent scales. (AC +2)
Your body sometimes deteriorates upon taking damage.
You are dopey. (Int -2)
Your spells are a little easier to cast, but a little less powerful.
You expend magic power (3 MP) to strengthen your wands.
Your health recovers twice as slowly from being drained.


Message History

You shoot a bolt. The bolt hits the chaos spawn!!
The bolt freezes the chaos spawn!
You kill the chaos spawn!
The chaos spawn degenerates into a cloud of primal chaos!
Things that are here:
a +0 robe; a +0 mace
Aiming: Dig
Press: ? - help, Shift-Dir - straight line A rock wall.
This square is covered in magical glow.
You feel a surge of power!
The rock shatters into small pieces.
There is a stone staircase leading up here.
You climb upwards.
There is a stone staircase leading down here.
You can't go up here!
You sense a monster nearby.
Magic restored.
There is a stone staircase leading up here.
You climb upwards.
Level annotation: 1 runed translucent door, Juni's ghost, novice NaFE
There is a stone staircase leading down here.
HP restored.
There is a stone staircase leading up, spattered with blood here.
You climb upwards.
Level annotation: exclusion: 2 downstairs
There is a stone staircase leading down here.
There is a stone staircase leading up here.
You climb upwards.
Level annotation: 1 runed translucent door, Crazy Yiuf
There is a stone staircase leading down here.
There is a stone staircase leading up here.
You climb upwards.
There is a stone staircase leading down here.
Aiming: Dig
Press: ? - help, Shift-Dir - straight line You can't see that place. [the floor.]
You feel a surge of power!
The rock shatters into small pieces.
There is a staircase leading out of the dungeon here.
You have escaped!

#.# #.# ##### ### ###...###
######## #.......## #####
#....... .........######...###
#.###### ....⌠......##.......##
#.# # .........##..........# #.#
# #.......####....@....# #.# #
###...### #......(..# #.# #
.#####.### ##.......## #.# # .#
###...######...### #.# #
.###.......####.#### #.# #
.##...........#....#######.######
.##....⌠....##....#..#.....#.†...
..#.........###.###.##.#####.#...
#.##..)....##.......(#.#.......##


There were no monsters in sight!

Vanquished Creatures
  4 dread liches
  Frederick (Vaults:2)
  6 ancient liches
  Mennas (Vaults:2)
  Mara (Vaults:3)
  9 orbs of fire
  Xtahua (Vaults:2)
  Boris (D:15)
  Sojobo (Depths:3)
  Bai Suzhen (Elf:3)
  Josephina (Zot:1)
  8 Killer Klowns
  Margery (Depths:3)
  2 curse toes
  The ghost of Harhicoo the Slayer, an adept MiBe of Trog (Vaults:3)
  Arachne (Spider:3)
  A bone dragon (Zot:4)
  Norris (Depths:3)
  7 golden dragons
  2 Tzitzimimeh (Zot:2)
  2 doom hounds (Depths:4)
  4 electric golems
  Rupert (Lair:4)
  Zenata (Vaults:1)
  17 tentacled monstrosities
  A hellephant (Depths:3)
  A Hell Sentinel (D:8)
  Jorgrun (Shoals:1)
  25 Orb Guardians (Zot:5)
  A deep elf blademaster (Elf:2)
  2 liches
  7 quicksilver dragons
  2 deep elf master archers (Elf:3)
  Grunn (Depths:4)
  6 death cobs
  A sphinx (Depths:3)
  A tentacled starspawn (Abyss:3)
  3 krakens
  3 tengu reavers
  3 shadow dragons
  18 storm dragons
  Aizul (Elf:1)
  Kirke (D:12)
  5 protean progenitors (Zot:3)
  6 draconian monks
  3 frost giants
  4 draconian knights
  5 deep elf sorcerers
  3 iron dragons
  5 draconian scorchers
  3 imperial myrmidons (Desolation)
  3 fire giants
  2 balrugs
  Louise (Spider:2)
  3 deep elf elementalists
  7 draconian shifters
  3 spectral juggernauts (Depths:2)
  10 ghost moths
  3 emperor scorpions
  8 vault wardens
  4 draconian stormcallers
  4 spectral caustic shrikes (Depths:2)
  2 spriggan defenders (Depths:2)
  2 reapers
  4 orc warlords
  12 ironbound preservers
  3 draconian annihilators
  10 stone giants
  13 ironbound thunderhulks
  24 very ugly things
  7 vampire knights
  A demonspawn blood saint (D:11)
  5 broodmothers
  2 formless jellyfish (Vaults:4)
  7 green draconians
  6 deep elf demonologists (Elf:3)
  A spectral titan (Depths:2)
  10 black draconians
  8 deep elf death magi
  8 spark wasps
  9 deep elf annihilators
  4 war gargoyles
  13 yellow draconians
  17 dire elephants
  7 red draconians
  2 halazid warlocks (Desolation)
  3 purple draconians
  7 white draconians
  Azrael (Elf:1)
  16 ettins
  4 eidola (Depths:2)
  2 crystal guardians
  5 merfolk javelineers
  6 entropy weavers
  8 merfolk impalers
  4 spectral golden dragons (Depths:2)
  Snorg (D:14)
  A green death (Zot:1)
  9 fire dragons
  A blizzard demon (Depths:4)
  A spectral quicksilver dragon (Depths:2)
  4 ragged hierophants (Desolation)
  9 deep elf high priests (Elf:3)
  3 great orbs of eyes
  A spectral tengu (Depths:2)
  5 jiangshi
  Erolcha (D:12)
  12 yaktaur captains
  6 peacekeepers
  3 hydras
  2 vault guards (Vaults:2)
  2 juggernaut simulacra (Depths:2)
  6 servants of whispers (Desolation)
  4 ice dragons
  A spectral shadow dragon (Depths:2)
  2 radroaches
  3 ogre magi
  3 spectral sphinxes (Depths:2)
  3 spriggan air magi (Depths:2)
  4 rakshasas
  An alligator snapping turtle (Shoals:1)
  2 alligators (Zot:3)
  4 catoblepae
  9 boulder beetles
  5 jorogumos
  24 centaur warriors
  2 death knights (D:14)
  8 ironbound frosthearts
  4 merfolk aquamancers
  3 hell hogs (Depths:1)
  A two-headed ogre (shapeshifter) (D:13)
  A merfolk avatar (Shoals:4)
  12 two-headed ogres
  9 deep troll shamans
  4 demonic crawlers
  A satyr (Shoals:4)
  A death scarab (Spider:3)
  7 tengu warriors
  23 dancing weapons
  5 deep troll earth magi
  9 vampire magi
  5 spectral storm dragons (Depths:2)
  18 deep elf knights
  16 hell knights
  5 soul eaters
  A spriggan berserker (Depths:1)
  17 death yaks
  Nergalle (Orc:2)
  A wretched star (Abyss:3)
  Amaemon (Lair:1)
  A spriggan (Depths:2)
  9 skysharks
  2 spectral spark wasps (Depths:2)
  11 pharaoh ants
  8 iron trolls
  15 sea snakes
  A shadow wraith (Abyss:3)
  2 sun moths (Spider:4)
  4 flayed ghosts
  A spectral iron dragon (Depths:2)
  14 ironbound convokers
  41 deep trolls
  10 glowing orange brains
  2 large abominations (Abyss:3)
  9 orb spiders
  8 lindwurms
  Pikel (D:4)
  7 arcanists
  8 deep elf archers
  3 orange crystal statues
  10 phantasmal warriors
  33 deep elf zephyrmancers
  6 steelbarb worms
  An obsidian statue (Zot:5)
  2 sphinx simulacra (Depths:2)
  30 wolf spiders
  A spectral spriggan (Depths:2)
  9 orc knights
  56 ugly things
  28 deep elf pyromancers
  21 harpies
  5 necromancers
  29 moths of wrath
  11 orc sorcerers
  8 fauns
  2 stone giant zombies (Vaults:4)
  An oklob plant (Shoals:1)
  Maurice (D:11)
  24 manticores
  2 salamanders
  A meliai (shapeshifter) (D:15)
  2 molten gargoyles
  10 elephants
  9 cyclopes
  A fire giant skeleton (Vaults:4)
  3 black mambas
  8 merfolk sirens
  4 meliai
  3 guardian serpents (Desolation)
  6 water nymphs
  A titan simulacrum (Depths:2)
  3 smoke demons
  2 orange demons
  17 vault sentinels
  2 ice statues (IceCv)
  A cane toad (shapeshifter) (D:13)
  9 torpor snails
  3 gargoyles
  2 rime drakes
  A storm dragon simulacrum (Depths:2)
  2 kobold demonologists
  An unseen horror (shapeshifter) (D:14)
  3 unseen horrors (D:13)
  30 yaktaurs
  9 cane toads
  A hellion (D:13)
  4 tengu conjurers
  13 komodo dragons
  2 spectral glowing shapeshifters (Depths:2)
  A golden dragon simulacrum (Depths:2)
  Psyche (D:10)
  An efreet (Volcano)
  4 freezing wraiths
  A human zombie (Vaults:4)
  A yaktaur (shapeshifter) (D:14)
  6 ice devils (IceCv)
  5 guardian mummies (Zot:3)
  A silent spectre (Abyss:3)
  2 trolls
  9 polar bears
  24 merfolk
  10 wind drakes
  36 saltlings (Desolation)
  2 iron dragon simulacra (Depths:2)
  2 tengu simulacra (Depths:2)
  2 glass eyes
  Grinder (D:5)
  9 snapping turtles
  4 dream sheep
  5 hornets
  15 blink frogs
  31 tarantellas
  33 slime creatures
  29 jumping spiders
  3 shadows
  2 air elementals (Elf:1)
  18 water elementals
  20 culicivoras
  A yak (shapeshifter) (D:13)
  7 hogs
  2 ettin skeletons (Abyss:3)
  87 yaks
  7 wraiths
  2 wyverns
  4 vampires
  7 basilisks
  5 wargs
  6 fire bats
  A wyvern (shapeshifter) (D:13)
  A golden eye (shapeshifter) (D:15)
  42 redbacks
  4 steam dragons
  3 death yak simulacra (IceCv)
  8 fire elementals
  13 vampire mosquitoes
  A chaos spawn (D:6)
  3 acid dragons
  5 hell hounds (Elf:1)
  14 water moccasins
  A hydra simulacrum (IceCv)
  5 moth of wrath simulacra (Zot:1)
  A sky beast (D:8)
  23 orc warriors
  An ice beast (D:8)
  2 laughing skulls (D:13)
  A crocodile (Sewer)
  19 ogres
  2 black bears (D:8)
  16 centaurs
  5 boggarts (D:14)
  29 wolves
  A lemure (D:4)
  3 kobold brigands
  Blork the orc (D:6)
  2 brain worms
  3 bullfrogs
  A glowing shapeshifter simulacrum (Depths:2)
  4 earth elementals
  4 gnoll sergeants
  5 scorpions
  2 two-headed ogre simulacra (IceCv)
  7 wights
  An elephant simulacrum (IceCv)
  A human simulacrum (Vaults:4)
  19 killer bees
  An electric eel (D:14)
  A howler monkey (D:9)
  5 lava snakes (Volcano)
  2 hounds
  2 bombardier beetles
  2 jellies
  19 orc priests
  3 sleepcaps
  3 iguanas
  49 orc wizards
  A spriggan simulacrum (IceCv)
  3 polar bear simulacra (IceCv)
  6 troll simulacra (IceCv)
  A wolf simulacrum (IceCv)
  10 gnolls
  7 adders
  6 river rats (Sewer)
  4 naga simulacra (IceCv)
  A shadow imp (D:8)
  3 white imps
  An ufetubus (Vaults:4)
  2 dart slugs
  A ribbon worm (shapeshifter) (D:12)
  2 ribbon worms (D:3)
  66 orcs
  13 ball pythons
  6 endoplasms
  7 giant cockroaches
  12 goblins
  4 hobgoblins
  12 jackals
  23 kobolds
  4 quokkas
  6 bats
  5 frilled lizards
  11 rats
  An aspiring flesh (Zot:3)
  3 butterflies (Zot:3)
  2 tentacles (Shoals:1)
2316 creatures vanquished.

Vanquished Creatures (collateral kills)
  A servant of whispers (Desolation)
  2 saltlings (Desolation)
3 creatures vanquished.

Vanquished Creatures (others)
  A golden dragon (Zot:5)
  A protean progenitor (Zot:3)
  A vampire mage (Depths:1)
  A raiju (Abyss:3)
  8 tentacles
12 creatures vanquished.

Grand Total: 2331 creatures vanquished

Notes
Turn   | Place    | Note
-------+----------+-------------------------------------------
     0 | D:1      | holysushi the Octopode Hunter began the quest for the Orb.
     0 | D:1      | Reached XP level 1. HP: 14/14 MP: 1/1
   152 | D:1      | Reached XP level 2. HP: 19/19 MP: 2/2
   321 | D:1      | Reached XP level 3. HP: 19/25 MP: 3/3
   975 | D:2      | Reached skill level 3 in Fighting
  1124 | D:2      | Found a runed translucent door.
  1125 | D:2      | Noticed Crazy Yiuf
  1394 | D:2      | Reached XP level 4. HP: 31/31 MP: 4/4
  1696 | D:3      | Noticed a scorpion
  1705 | D:3      | Killed a scorpion
  1706 | D:3      | Reached skill level 5 in Ranged Weapons
  1706 | D:3      | Reached XP level 5. HP: 17/37 MP: 5/5
  1828 | D:3      | Found a broken altar of Ashenzari.
  1846 | D:3      | Became a worshipper of Ashenzari the Shackled
  1938 | D:3      | Found Yrchilum's Book Emporium.
  1947 | D:3      | Found a faded altar of an unknown god.
  1985 | D:3      | Found an ornate altar of the Wu Jian Council.
  2179 | D:4      | Noticed an ogre
  2216 | D:4      | Noticed Pikel
  2216 | D:4      | Noticed a lemure
  2216 | D:4      | Noticed a lemure
  2216 | D:4      | Noticed a lemure
  2216 | D:4      | Noticed a lemure
  2635 | D:4      | Reached skill level 4 in Fighting
  3086 | D:4      | Killed an ogre
  3087 | D:4      | Reached XP level 6. HP: 13/44 MP: 6/6
  3363 | D:4      | Identified a scroll of acquirement
  3363 | D:4      | Acquired a +6 arbalest of freezing
  3398 | D:4      | Killed Pikel
  3399 | D:4      | Reached skill level 6 in Fighting
  3399 | D:4      | Reached XP level 7. HP: 52/52 MP: 7/7
  3418 | D:4      | Found a runed translucent door.
  3426 | D:4      | Noticed Juni's ghost (novice NaFE)
  3622 | D:4      | Reached XP level 8. HP: 58/58 MP: 8/8
  4010 | D:5      | Entered Level 5 of the Dungeon
  4026 | D:5      | Found a glowing drain.
  4040 | D:5      | Noticed Grinder
  4047 | D:5      | Killed Grinder
  4048 | D:5      | Reached skill level 7 in Fighting
  4105 | Sewer    | Entered a sewer
  4757 | D:5      | Reached * piety under Ashenzari
  4816 | D:5      | Reached skill level 8 in Fighting
  4816 | D:5      | Reached XP level 9. HP: 61/67 MP: 9/9
  4993 | D:5      | Found Egomym Xinek's Assorted Antiques.
  5000 | D:5      | Bought a scroll labelled KIZXOL BUARONK for 32 gold pieces
  5000 | D:5      | Found a staircase to the Ecumenical Temple.
  5738 | D:6      | Noticed Blork the orc
  5744 | D:6      | Killed Blork the orc
  5757 | D:6      | Identified the +10 plate armour "Xiton" {Str+6}
  5804 | D:6      | Found a snail-covered altar of Cheibriados.
  6427 | D:7      | Reached skill level 9 in Fighting
  6609 | D:7      | Reached ** piety under Ashenzari
  6659 | D:7      | Found a blossoming altar of Fedhas.
  6675 | D:7      | Noticed Dowan
  6738 | D:7      | Reached skill level 10 in Ranged Weapons
  7220 | D:7      | Noticed Duvessa
  7258 | D:8      | Reached XP level 10. HP: 77/77 MP: 10/10
  7267 | D:8      | Noticed a boulder beetle
  7694 | D:7      | Killed a boulder beetle
  7695 | D:7      | Reached skill level 10 in Fighting
  7768 | D:8      | Found a hide-covered altar of Uskayaw.
  7768 | D:8      | Found a sparkling altar of Nemelex Xobeh.
  7940 | D:8      | Reached *** piety under Ashenzari
  8027 | D:8      | Found Elech's Vocational Training.
  8342 | D:8      | Reached skill level 11 in Fighting
  8394 | D:9      | Noticed a two-headed ogre
  8396 | D:9      | Killed a two-headed ogre
  8562 | D:9      | Found a staircase to the Orcish Mines.
  8878 | D:9      | Reached XP level 11. HP: 88/88 MP: 11/11
  9198 | D:10     | Entered Level 10 of the Dungeon
  9312 | D:10     | Noticed Psyche
  9315 | D:10     | Killed Psyche
  9442 | D:10     | Reached **** piety under Ashenzari
  9458 | D:10     | Reached skill level 5 in Dodging
  9861 | D:10     | Noticed a deep elf pyromancer
  9878 | D:10     | Killed a deep elf pyromancer
 10034 | D:10     | Found a stormy altar of Qazlal.
 10075 | D:11     | Noticed a cyclops
 10075 | D:11     | Found a staircase to the Lair.
 10078 | D:11     | Killed a cyclops
 10476 | D:11     | Noticed Amaemon
 10498 | Lair:1   | Entered Level 1 of the Lair of Beasts
 10582 | Lair:1   | Found a dark tunnel.
 10588 | Volcano  | Entered a volcano
 10712 | Volcano  | Noticed a stone giant
 10724 | Volcano  | Found a bloodstained altar of Trog.
 10737 | Volcano  | Reached XP level 12. HP: 32/97 MP: 12/12
 10877 | Volcano  | Killed a stone giant
 11073 | Lair:1   | Noticed a boulder beetle
 11078 | Lair:1   | Killed a boulder beetle
 11357 | Lair:1   | Noticed a catoblepas
 11360 | Lair:1   | Killed a catoblepas
 11361 | Lair:1   | Reached skill level 5 in Stealth
 11868 | Lair:2   | Noticed a skyshark
 11919 | Lair:2   | Killed a skyshark
 12041 | Lair:2   | Reached skill level 12 in Fighting
 12269 | Lair:2   | Reached XP level 13. HP: 102/102 MP: 13/13
 12296 | Lair:2   | Reached skill level 15 in Ranged Weapons
 12869 | Lair:2   | Reached skill level 10 in Dodging
 13279 | Lair:3   | Found a hide-covered altar of Uskayaw.
 13279 | Lair:3   | Found an ornate altar of the Wu Jian Council.
 13475 | Lair:3   | Found a hole to the Spider Nest.
 13836 | Lair:3   | Found a staircase to the Shoals.
 13945 | Lair:3   | Reached skill level 13 in Fighting
 14886 | Lair:4   | Noticed Rupert
 15856 | Lair:4   | Paralysed by Rupert for 4 turns
 18255 | Lair:5   | Entered Level 5 of the Lair of Beasts
 18643 | Lair:5   | Reached XP level 14. HP: 110/110 MP: 14/14
 18644 | Lair:5   | Found a viscous altar of Jiyva.
 18645 | Lair:5   | Found a staircase to the Slime Pits.
 19846 | Lair:4   | Paralysed by Rupert for 4 turns
 19854 | Lair:4   | Killed Rupert
 20271 | Lair:5   | Reached skill level 1 in Evocations
 20538 | Lair:5   | Reached skill level 10 in Stealth
 20828 | Lair:5   | Reached ***** piety under Ashenzari
 22574 | Lair:1   | Killed Amaemon
 22575 | Lair:1   | Reached XP level 15. HP: 104/118 MP: 15/15
 22679 | D:11     | Noticed Maurice
 22687 | D:11     | Killed Maurice
 22964 | D:11     | Reached skill level 5 in Evocations
 23314 | D:12     | Noticed Erolcha
 23800 | D:12     | Killed Erolcha
 23888 | D:12     | Reached skill level 14 in Fighting
 24077 | D:13     | Found a frozen archway.
 24085 | D:13     | Noticed Kirke
 24158 | D:12     | Killed Kirke
 24182 | IceCv    | Entered an ice cave
 25936 | D:13     | Found Muiris's Antique Armour Shop.
 26047 | Orc:1    | Entered Level 1 of the Orcish Mines
 26076 | Orc:1    | Noticed an orc warlord
 26097 | D:9      | Killed an orc warlord
 26297 | Orc:2    | Entered Level 2 of the Orcish Mines
 26297 | Orc:2    | Found a staircase to the Elven Halls.
 26732 | Orc:2    | Found Ureps's Armour Shop.
 26766 | Orc:2    | Paralysed by an orc sorcerer for 5 turns
 26854 | Orc:2    | Found Xerusur's Antique Armour Emporium.
 26871 | Orc:2    | Found Kaummic's Distillery.
 26929 | Orc:2    | Found an ancient bone altar of Kikubaaqudgha.
 26930 | Orc:2    | Noticed Nergalle
 27151 | Orc:2    | Killed Nergalle
 27313 | Orc:2    | Found a radiant altar of Vehumet.
 27320 | Orc:2    | Paralysed by an ogre mage for 2 turns
 27406 | Orc:2    | Reached skill level 15 in Dodging
 27430 | Orc:2    | Found Ripon's Book Shoppe.
 27435 | Orc:2    | Found Zeozis's Jewellery Emporium.
 27447 | Orc:2    | Bought a +4 ring of protection for 468 gold pieces
 27447 | Orc:2    | Bought a ring of protection from fire for 325 gold pieces
 27447 | Orc:2    | Bought a ring of protection from cold for 325 gold pieces
 27769 | Elf:1    | Entered Level 1 of the Elven Halls
 27801 | Elf:1    | Found a crumbling gateway.
 27811 | Desolati | Entered the Desolation of Salt
 28744 | Desolati | Identified the +5 hand axe "Acuowk" {heavy, rElec}
 28744 | Desolati | Identified the +4 plate armour of Music {Will+ Dex+2}
 29227 | Desolati | Noticed an imperial myrmidon
 29253 | Desolati | Reached XP level 16. HP: 130/130 MP: 16/16
 29543 | Desolati | Identified the amulet of the Sky {Spirit Rampage rN+ Dex+3}
 29543 | Desolati | Identified the ring "Zynec" {rElec rC- rN+ Dex+4 SInv}
 29566 | Desolati | Identified the staff "Ojelurumn" {Fly Dex-2 Ice Earth}
 29591 | Desolati | Identified the ring "Qavap" {Dex+6 Stlth+}
 29653 | Desolati | Identified the ring of Discretion {*Corrode rN++ Will+
                  | Str+2}
 30565 | Desolati | Identified the Spellbook of Kinetic Energy
 30567 | Desolati | Found the +10 Black Knight's barding {ponderous, rPois rN+}
 30836 | Desolati | Identified the Directory of Scree and the Blizzard
 30940 | Desolati | Reached skill level 15 in Fighting
 31030 | Elf:1    | Found Homahoq's Weapon Shop.
 31489 | Elf:1    | Noticed Azrael
 31503 | Elf:1    | Killed Azrael
 31618 | Elf:1    | Identified the serpent talisman of Lablu {rCorr}
 31618 | Elf:1    | Noticed Aizul
 31621 | Elf:1    | Killed Aizul
 32152 | Elf:2    | Reached XP level 17. HP: 133/137 MP: 17/17
 32684 | Elf:2    | Reached skill level 16 in Fighting
 32684 | Elf:2    | Reached skill level 1 in Spellcasting
 33016 | Elf:2    | Found a runed translucent gate.
 33017 | Elf:2    | Found a runed translucent gate.
 33017 | Elf:2    | Found a runed translucent gate.
 33134 | Elf:3    | Entered Level 3 of the Elven Halls
 33145 | Elf:3    | Identified the +7 hand axe of Extermination {speed, Will+
                  | Dex+4}
 33347 | Elf:3    | Found Amorr's Magic Scroll Shoppe.
 33357 | Elf:3    | Bought a scroll of revelation for 157 gold pieces
 33357 | Elf:3    | Bought a scroll of teleportation for 63 gold pieces
 33357 | Elf:3    | Bought a scroll of teleportation for 63 gold pieces
 33702 | Elf:3    | Noticed Bai Suzhen
 33807 | Elf:3    | Killed Bai Suzhen
 34738 | Elf:3    | Identified the +2 great sword of the Valley {protect,
                  | Int+3}
 34739 | Abyss:2  | Cast into level 2 of the Abyss (a deep elf demonologist)
 34791 | Abyss:3  | Noticed a lich
 34799 | Abyss:3  | Killed a lich
 34800 | Abyss:3  | Reached skill level 5 in Spellcasting
 34808 | Abyss:3  | Noticed a tentacled starspawn
 34814 | Abyss:3  | Killed a tentacled starspawn
 34985 | Abyss:3  | Got an abyssal rune of Zot
 34996 | Elf:3    | Escaped the Abyss
 35021 | Elf:3    | Noticed a deep elf master archer
 35021 | Elf:3    | Identified the +5 plate armour of Card Tricks {Harm rN+
                  | Int+3}
 35358 | Elf:3    | Killed a deep elf master archer
 35359 | Elf:3    | Reached XP level 18. HP: 141/147 MP: 30/32
 35391 | Elf:3    | Identified the ring "Guutuil" {rPois rC++ Str-5 Dex+6}
 35568 | Elf:3    | Noticed a deep elf master archer
 35570 | Elf:3    | Killed a deep elf master archer
 35996 | Elf:3    | Identified the +10 falchion of Ragib {elec, ^Drain rC+ MP+9
                  | Dex+6}
 37180 | Elf:3    | Identified the +7 shortbow of Bloodstone {flame, Str+4
                  | Int+5}
 37180 | Elf:3    | Identified the +5 sling of the Silent Majority {flame,
                  | Dex+3}
 37410 | Elf:2    | Noticed a deep elf blademaster
 37417 | Elf:2    | Killed a deep elf blademaster
 38576 | Spider:1 | Entered Level 1 of the Spider Nest
 39133 | Spider:1 | Identified the Grimoire of the Damned
 39475 | Spider:2 | Reached skill level 17 in Fighting
 39705 | Spider:2 | Noticed Louise
 39716 | Spider:2 | Killed Louise
 40096 | Spider:2 | Reached XP level 19. HP: 158/158 MP: 34/34
 41422 | Spider:4 | Entered Level 4 of the Spider Nest
 41909 | Spider:4 | Reached skill level 18 in Fighting
 42189 | Spider:4 | Got a gossamer rune of Zot
 42885 | Spider:4 | Noticed Arachne
 42976 | Spider:3 | Killed Arachne
 43658 | Shoals:1 | Entered Level 1 of the Shoals
 43658 | Shoals:1 | Noticed Jorgrun
 43661 | Shoals:1 | Killed Jorgrun
 43839 | Shoals:1 | Reached XP level 20. HP: 162/162 MP: 33/33
 44464 | Shoals:1 | Found a sacrificial altar of Ru.
 45231 | Shoals:2 | Found a runed translucent door.
 45231 | Shoals:2 | Found a shimmering altar of Xom.
 45231 | Shoals:2 | Noticed Azoth's ghost (journeyman DrSh)
 45232 | Shoals:2 | Identified the +5 battleaxe of Fortitude {chaos, Fly rPois
                  | Will- Dex+5}
 45892 | Shoals:3 | Identified the ring "Vuklipn" {rPois Int+6}
 45929 | Shoals:3 | Reached skill level 19 in Fighting
 46533 | Shoals:4 | Entered Level 4 of the Shoals
 46819 | Shoals:4 | Found Raofy's Distillery.
 46827 | Shoals:4 | Bought 2 potions of mutation for 240 gold pieces
 47192 | Shoals:4 | Got a barnacled rune of Zot
 47933 | Shoals:4 | Identified the +2 ring mail "Zoboawig" {*Corrode Will++
                  | Slay+2}
 48228 | D:13     | Found an iron altar of Okawaru.
 48367 | D:13     | Reached XP level 21. HP: 174/174 MP: 34/34
 48663 | D:13     | Identified the ring "Duin" {rPois rC+ rN+ Will+ SInv}
 48664 | D:13     | Identified the +8 lajatang "Ylour" {spect, rC+}
 48944 | D:13     | Reached skill level 20 in Fighting
 49481 | D:14     | Identified the +3 cloak "Murusk" {Will++ rCorr}
 49783 | D:14     | Noticed Snorg
 49788 | D:14     | Killed Snorg
 49834 | D:14     | Found a gate to the Vaults.
 50271 | D:15     | Entered Level 15 of the Dungeon
 50365 | D:15     | Found Ycod Nya's Book Shop.
 50442 | D:15     | Found a staircase to the Depths.
 50444 | D:15     | Reached skill level 10 in Evocations
 51057 | Vaults:1 | Entered Level 1 of the Vaults
 52584 | Vaults:1 | Noticed Zenata
 52587 | Vaults:1 | Reached XP level 22. HP: 181/181 MP: 34/34
 53177 | D:14     | Reached XP level 23. HP: 187/187 MP: 35/35
 53178 | D:14     | Reached XP level 24. HP: 194/194 MP: 35/35
 53380 | Vaults:1 | Killed Zenata
 53384 | Vaults:1 | Reached skill level 21 in Fighting
 53451 | Vaults:1 | Found the sphere of Battle
 53811 | Vaults:2 | Identified the orb "Foatewk" {light, Will- Dex+4}
 53811 | Vaults:2 | Noticed Frederick
 53816 | Vaults:2 | Killed Frederick
 54404 | Vaults:2 | Noticed Xtahua
 54414 | Vaults:2 | Killed Xtahua
 54863 | Vaults:2 | Noticed Mennas
 54867 | Vaults:2 | Killed Mennas
 55167 | Vaults:2 | Reached ****** piety under Ashenzari
 55431 | Vaults:3 | Found a staircase to the Crypt.
 55576 | Vaults:3 | Identified Sif Muna's Compendium of Vapour
 55668 | Vaults:3 | Found Osozuck's Distillery.
 55669 | Vaults:3 | Found Unlool's Magic Scroll Boutique.
 55671 | Vaults:3 | Noticed Mara
 55677 | Vaults:3 | Noticed holysushi's illusion
 55681 | Vaults:3 | Killed Mara
 55682 | Vaults:3 | Bought a potion of curing for 30 gold pieces
 55682 | Vaults:3 | Bought a potion of resistance for 100 gold pieces
 55682 | Vaults:3 | Bought a potion of haste for 100 gold pieces
 55682 | Vaults:3 | Bought a potion of curing for 30 gold pieces
 55682 | Vaults:3 | Bought a potion of resistance for 100 gold pieces
 55687 | Vaults:3 | Bought a scroll of teleportation for 45 gold pieces
 55692 | Vaults:3 | Found Vigyal's Weapon Emporium.
 55837 | Vaults:3 | Identified the +3 scale mail of Asekidam {-Tele rN+ Regen+}
 56044 | Vaults:3 | Noticed Harhicoo's ghost (adept MiBe)
 56046 | Vaults:3 | Found a transporter.
 56051 | Vaults:3 | Identified the +4 great mace of Lassomno {elec, Will+
                  | Int+2}
 56335 | Vaults:3 | Found Qookai's Magic Scroll Emporium.
 56338 | Vaults:3 | Bought a scroll of acquirement for 624 gold pieces
 56338 | Vaults:3 | Bought a scroll of blinking for 90 gold pieces
 56338 | Vaults:3 | Bought a scroll of butterflies for 48 gold pieces
 56338 | Vaults:3 | Bought a scroll of teleportation for 36 gold pieces
 56338 | Vaults:3 | Bought a scroll of enchant armour for 90 gold pieces
 56338 | Vaults:3 | Bought a scroll of enchant weapon for 90 gold pieces
 56342 | Vaults:3 | Acquired the +1 hat of Focus {-Cast Harm Int-5 Dex+6}
 56475 | Vaults:3 | Found a transporter.
 56499 | Vaults:3 | Killed Harhicoo's ghost
 57067 | Vaults:4 | Identified the +3 ring mail of the Fisher {rPois rC- Dex+3}
 57070 | Vaults:4 | Identified the +1 leather armour of the Bard {Will+ Dex+3}
 57070 | Vaults:4 | Identified the ring "Conure" {rN+ Will+ MP-9 Str+3}
 57161 | Vaults:4 | Reached XP level 25. HP: 192/200 MP: 34/35
 57245 | Vaults:4 | Found Enanimn's Book Shop.
 57414 | Vaults:4 | Reached skill level 15 in Evocations
 58331 | Depths:1 | Entered Level 1 of the Depths
 58334 | Depths:1 | Noticed Boris
 58672 | D:15     | Killed Boris
 59900 | Depths:1 | Found Vorod's Magic Scroll Shop.
 59917 | Depths:1 | Bought a scroll of blinking for 112 gold pieces
 59917 | Depths:1 | Bought a scroll of teleportation for 45 gold pieces
 59917 | Depths:1 | Bought a scroll of teleportation for 45 gold pieces
 59917 | Depths:1 | Bought a scroll of revelation for 112 gold pieces
 59936 | Depths:1 | Found a one-way gate to the infinite horrors of the Abyss.
 59970 | Depths:1 | Found a gateway to Hell.
 60014 | Depths:1 | Identified the ring of Moderation {rPois rF+++ Will- Int+7}
 61431 | Depths:2 | Noticed a dread lich
 61433 | Depths:2 | Killed a dread lich
 61434 | Depths:2 | Reached XP level 26. HP: 209/209 MP: 37/37
 61739 | Depths:2 | Identified the +9 crystal plate armour of Gareloi {Will+}
 61741 | Depths:2 | Identified the +7 bardiche of the Mushroom {antimagic,
                  | rN++}
 61910 | Depths:2 | Found a one-way gate leading to the halls of Pandemonium.
 62723 | Depths:3 | Noticed Margery
 62732 | Depths:3 | Killed Margery
 62946 | Depths:3 | Noticed Sojobo
 62965 | Depths:3 | Noticed Norris
 62980 | Depths:3 | Killed Sojobo
 62989 | Depths:3 | Killed Norris
 63210 | Depths:3 | Noticed an ancient lich
 63211 | Depths:3 | Found a one-way gateway to a ziggurat.
 63216 | Depths:3 | Killed an ancient lich
 63658 | Depths:4 | Entered Level 4 of the Depths
 63672 | Depths:4 | Noticed Grunn
 63679 | Depths:4 | Killed Grunn
 64301 | Depths:4 | Found a gate to the Realm of Zot.
 65051 | Zot:1    | Entered Level 1 of the Realm of Zot
 65108 | Zot:1    | Identified the ring "Wasunad" {Ice rPois Str-4 Dex+5}
 65108 | Zot:1    | Noticed Josephina
 65113 | Zot:1    | Killed Josephina
 65114 | Zot:1    | Reached XP level 27. HP: 217/217 MP: 38/38
 65129 | Zot:1    | Reached skill level 22 in Fighting
 66011 | Zot:3    | Noticed an orb of fire
 66012 | Zot:3    | Gained mutation: Your body sometimes deteriorates upon
                  | taking damage. [an orb of fire]
 66026 | Zot:3    | Killed an orb of fire
 66038 | Zot:3    | Reached skill level 23 in Fighting
 66594 | Zot:3    | Noticed an orb of fire
 66596 | Zot:3    | Killed an orb of fire
 66600 | Zot:3    | Reached skill level 10 in Spellcasting
 66610 | Zot:3    | Identified the +9 glaive "Bakhikhomn" {chaos, *Corrode
                  | rElec Will+ Str+4}
 66610 | Zot:3    | Identified the +4 ring mail of Responsibility {Will- Str+4}
 66624 | Zot:2    | Identified the +0 scale mail of the Enormous God {rC+}
 66811 | Zot:3    | Found a large runed translucent door.
 66812 | Zot:3    | Found a large runed translucent door.
 66814 | Zot:3    | Found a large runed translucent door.
 66814 | Zot:3    | Found a shimmering altar of Xom.
 66815 | Zot:3    | Found a large runed translucent door.
 66815 | Zot:3    | Found a large runed translucent door.
 66815 | Zot:3    | Identified the +9 glaive "Dragonslayer" {chaos, rPois Str+3
                  | Dex+2}
 66815 | Zot:3    | Identified the +4 ring mail of Qaegos {rF- Str+5 Int+2}
 66817 | Zot:3    | Found a large runed translucent door.
 66817 | Zot:3    | Identified the +7 dire flail of Qyacwic {chaos, *Corrode
                  | rElec rC++ Str-5 Int+8}
 66817 | Zot:3    | Identified the +4 hand cannon of Patterns {chaos, rPois
                  | Dex+3}
 66817 | Zot:3    | Identified the +0 robe of the Mantidfly {rF+ rC- Int+3
                  | Dex+2}
 66829 | Zot:3    | Found a large runed translucent door.
 66829 | Zot:3    | Found a large runed translucent door.
 66941 | Zot:3    | Identified the +1 great sword of Tumult {chaos, rElec}
 66941 | Zot:3    | Identified the +6 scale mail "Uraipoy" {rC+}
 67170 | Zot:3    | Identified the +5 great sword of Jiycw {chaos, *Rage Str+3
                  | Dex+3}
 67170 | Zot:3    | Identified the +0 scale mail of Zin's Approval {Will+}
 67548 | Zot:4    | Noticed an orb of fire
 67551 | Zot:4    | Gained mutation: Your spells are a little easier to cast,
                  | but a little less powerful. [an orb of fire]
 67553 | Zot:4    | Gained mutation: You are frail. (-10% HP) [an orb of fire]
 67554 | Zot:4    | Gained mutation: Your magical capacity is low. (-10% MP)
                  | [an orb of fire]
 67557 | Zot:4    | Gained mutation: Your health recovers twice as slowly from
                  | being drained. [an orb of fire]
 67559 | Zot:4    | Killed an orb of fire
 67560 | Zot:4    | Reached skill level 24 in Fighting
 67735 | Zot:4    | Lost mutation: Your magical capacity is low. (-10% MP)
                  | [potion of mutation]
 67735 | Zot:4    | Lost mutation: Your spells are a little easier to cast, but
                  | a little less powerful. [potion of mutation]
 67735 | Zot:4    | Gained mutation: You are partially covered in iridescent
                  | scales. (AC +2) [potion of mutation]
 67735 | Zot:4    | Gained mutation: You expend magic power (3 MP) to
                  | strengthen your wands. [potion of mutation]
 67735 | Zot:4    | Gained mutation: One of your tentacles bears a spike.
                  | [potion of mutation]
 69114 | Zot:5    | Entered Level 5 of the Realm of Zot
 69147 | Zot:5    | Reached skill level 25 in Fighting
 69502 | Zot:5    | Noticed an ancient lich
 69507 | Zot:5    | Killed an ancient lich
 69537 | Zot:5    | Noticed an ancient lich
 69540 | Zot:5    | Killed an ancient lich
 69708 | Zot:5    | Noticed an ancient lich
 69825 | Zot:5    | Noticed a dread lich
 69827 | Zot:5    | Killed a dread lich
 69828 | Zot:5    | Reached skill level 26 in Fighting
 69949 | Zot:5    | Noticed an orb of fire
 69979 | Zot:5    | Noticed an ancient lich
 70044 | Zot:5    | Killed an ancient lich
 70133 | Zot:5    | Killed an ancient lich
 70283 | Zot:5    | Noticed a dread lich
 70285 | Zot:5    | Killed a dread lich
 72120 | Zot:5    | Noticed an orb of fire
 72122 | Zot:5    | Killed an orb of fire
 73433 | Zot:5    | Noticed an ancient lich
 73438 | Zot:5    | Killed an ancient lich
 73997 | Zot:5    | Noticed a dread lich
 74005 | Zot:5    | Killed a dread lich
 74006 | Zot:5    | Reached skill level 27 in Fighting
 74006 | Zot:5    | Reached skill level 15 in Stealth
 75025 | Zot:5    | Noticed an orb of fire
 75029 | Zot:5    | Noticed an orb of fire
 75035 | Zot:5    | Killed an orb of fire
 75037 | Zot:5    | Noticed an orb of fire
 75038 | Zot:5    | Gained mutation: You are dopey. (Int -2) [an orb of fire]
 75051 | Zot:5    | Killed an orb of fire
 75051 | Zot:5    | Gained mutation: Your magical capacity is low. (-10% MP)
                  | [an orb of fire]
 75057 | Zot:5    | Killed an orb of fire
 75088 | Zot:5    | Noticed an orb of fire
 75092 | Zot:5    | Gained mutation: You are very frail. (-20% HP) [an orb of
                  | fire]
 75093 | Zot:5    | Gained mutation: Your spells are a little easier to cast,
                  | but a little less powerful. [an orb of fire]
 75097 | Zot:5    | Killed an orb of fire
 75102 | Zot:5    | Killed an orb of fire
 75518 | Zot:5    | Lost mutation: You are very frail. (-20% HP) [potion of
                  | mutation]
 75518 | Zot:5    | Lost mutation: Your magical capacity is low. (-10% MP)
                  | [potion of mutation]
 75518 | Zot:5    | Lost mutation: You are frail. (-10% HP) [potion of
                  | mutation]
 75524 | Zot:5    | Got the Orb of Zot
 76188 | D:8      | Noticed Foeshrue the pandemonium lord
 76223 | D:6      | Noticed Raufamm the pandemonium lord
 76343 | D:$      | Escaped with the Orb!

Illustrated notes

Levels and vault maps discovered:
D:1:      dpeg_arrival_three_same_balls, layout_basic,
          kennysheep_decorative_pillar
D:2:      layout_loops_corners, minmay_fractal_squares_gapless_5,
          uniq_crazy_yiuf_cottage
D:3:      layout_basic, mainiacjoe_overflow_catch_the_wave, serial_shops, shop,
          hellmonk_ecumenical_altar_dog_temple
D:4:      layout_loops_cross, gammafunk_ghost_grave, wad_rectangle_vault,
          uniq_pikel
D:5:      layout_loops_ring, minmay_temple_entry_overgrown, serial_shops, shop,
          portal_sewer_entry_f, hangedman_decor_slide_cut, kennysheep_nub,
          mrwooster_statue_mirror, uniq_grinder
D:6:      layout_loops_ring, chei_slow_surprise, uniq_blork_the_orc
D:7:      layout_basic, fedhas_altar_3, serial_curves, eino_curves_04,
          eino_curves_03, uniq_duvessa
D:8:      layout_basic, gammafunk_temple_overflow_elements,
          nicolae_shop_vocational
D:9:      layout_long_grid, minmay_orc_entry_temple_small
D:10:     layout_basic, mainiacjoe_overflow_alcove_1, billiards_dpeg,
          uniq_psyche
D:11:     layout_rooms, lair_entry_dummy, uniq_amaemon, uniq_maurice
D:12:     layout_rooms, minmay_misc_feat_roman, uniq_erolcha
D:13:     minmay_nested_s, layout_cave_pools, portal_ice_cave_entry_pillars_1,
          serial_shops, shop, okawaru_altar_gauntlet_db, uniq_kirke
D:14:     layout_basic, skrybe_vaults_entry_preservation, uniq_snorg
D:15:     hangedman_depths_entry_try_elsewhere_first, layout_long_grid,
          serial_park_paths [serial_park_minivault_5x5_6], serial_shops,
          nicolae_shop_peninsula
Lair:1:   layout_regular_city, nicolae_volcano_entry_hallway,
          nzn_sisyphean_effort, lemuel_fruit_tree
Lair:2:   layout_cave_pods, serial_forest, infiniplex_forest_end_2,
          infiniplex_forest_clump_medium, infiniplex_forest_clump_small,
          infiniplex_forest_lined_4_way, infiniplex_forest_end_3,
          infiniplex_forest_straight_1, infiniplex_forest_end_3,
          infiniplex_forest_straight_3, infiniplex_forest_lined_2,
          infiniplex_staircase_pool_2
Lair:3:   layout_chaotic_city, minmay_shoals_entry_hut,
          nicolae_spider_entry_orb_guardian, nzn_masters_of_martial_movement,
          serial_bayou_shore_b
Lair:4:   layout_misc_corridors, serial_bayou_shore_b, grunt_megastairs_1,
          uniq_rupert
Lair:5:   evilmike_catoblepas_cave, layout_regular_city, slime_entry_1
Shoals:1: layout_shoals, lemuel_oklob_altar, uniq_jorgrun
Shoals:2: layout_shoals, ebering_ghost_xom
Shoals:3: layout_shoals
Shoals:4: shoals_end_simple, layout_shoals, serial_shops, shop
Spider:1: layout_spider_delve
Spider:2: layout_spider_delve, nicolae_spider_circle_web,
          nicolae_spider_checkerboard, uniq_louise
Spider:3: layout_spider_delve
Spider:4: hellmonk_spider_rune_endless_swarm, nicolae_arachne_temple
Orc:1:    layout_caves
Orc:2:    kennysheep_orc_mage_school, layout_caves, serial_shops,
          nicolae_shop_tiny_statue_garden, regret_index_minedec_devilstone
Elf:1:    eino_elf_arrival_sip, layout_geoelf_diagonals, serial_shops,
          nicolae_diamond_shop, portal_desolation_entry_nicolae_slug,
          nicolae_elf_blasts_and_bolts, uniq_aizul, uniq_azrael
Elf:2:    nicolae_elf_blades_crystal_corner, layout_loops_ring
Elf:3:    minmay_elf_hall_not_hex, layout_gridlike, serial_shops, shop_statue,
          uniq_bai_suzhen
Vaults:1: nicolae_vaults_network_quinsquares
          [nicolae_vaults_network_quincunx_subvault,
          nicolae_vaults_network_quincunx_subvault,
          nicolae_vaults_network_quincunx_subvault,
          nicolae_vaults_network_quincunx_subvault], vaults_room_fancy_cross,
          hangedman_vaults_cutoff, v_misc_13,
          nicolae_vaults_shipping_containers_6, v_pattern_5,
          vaults_mumra_chevron_long, v_misc_17, vaults_room_door_hall,
          nicolae_vaults_closet_pinwheel_2, v_misc_28, ontoclasm_vaults_fault,
          layout_vaults_big_cross, uniq_zenata
Vaults:2: nicolae_vaults_wine_cellar, hangedman_vaults_slice,
          vaults_room_door_hall, v_misc_12, nicolae_vaults_closet_pinwheel_6,
          nicolae_vaults_rhombus_5, nicolae_vaults_storage_room_doors,
          ontoclasm_vaults_decontamination, nicolae_vaults_meiosis,
          layout_vaults_chaotic_city, uniq_mennas, uniq_frederick, uniq_xtahua
Vaults:3: gammafunk_ghost_smash, ontoclasm_vaults_ligature,
          nicolae_vaults_trapezoid_2, nicolae_vaults_puzzle_piece,
          nicolae_vaults_angled_halls, minmay_crypt_entry_simple_round,
          vaults_room_glass_cross, nicolae_vaults_theta,
          hangedman_vaults_cutoff, vaults_dpeg_ring, nicolae_vaults_trapezoid_1,
          nicolae_vaults_house_1, layout_vaults_omnigrid, serial_shops,
          nicolae_shop_rolled_up, shop, nicolae_shop_rolling_square,
          nicolae_shop_crystal, uniq_mara
Vaults:4: nicolae_vaults_trapezoid_3, nicolae_vaults_storing_the_good_stuff,
          nicolae_vaults_three_branches, nicolae_vaults_little_squares_4,
          nicolae_vaults_double_plus_1, nicolae_vaults_trapezoid_lopsided_3,
          nicolae_vaults_trapezoid_lopsided_4, hangedman_vaults_pinch,
          vaults_dpeg_cross, v_misc_1, nicolae_vaults_little_squares_1,
          serial_ice_h, nicolae_vaults_trapezoid_2, v_rooms_3,
          grunt_vaults_hallway_short, vaults_standard_mumra_lines,
          layout_vaults_ring, serial_shops, shop
Depths:1: layout_cave_shapes, serial_shops, shop, hellmouth_3,
          hangedman_abyss_entry_splay, drop_trap, minivault_15,
          chequers_serial_rivers_micro_e, nicolae_the_louvre, uniq_boris
Depths:2: lemuel_river_lethe, serial_shops, abyss_entry, pan_entry, hell_entry
Depths:3: nicolae_cairo_tiling, layout_cave_shapes, enter_ziggurat_d,
          abyss_entry, chequers_decorated_corner, hell_entry, uniq_norris,
          uniq_margery, uniq_sojobo
Depths:4: grunt_bruiser_brothers, layout_gridlike, hell_entry, uniq_grunn
Zot:1:    layout_misc_corridors, uniq_josephina
Zot:2:    layout_basic, regret_index_zotdec_carving_tricks,
          regret_index_zotdec_ex, hangedman_spider_trapstep, grunt_megastairs_5
Zot:3:    layout_basic, st_stairs_9, regret_index_zotdec_split_disrupt,
          hangedman_xom_zot_hilarity
Zot:4:    layout_onion, hangedman_player_shredder
Zot:5:    layout_gridlike, st_stairs_3, grunt_ministairs_15,
          regret_index_zotdec_stipple_waver

Skill      XL: |  1  2  3  4  5  6  7  8  9 10 11 12 13 14 15 16 17 18 19 20 21 22 23 24 25 26 27 |
---------------+----------------------------------------------------------------------------------+-----
Fighting       | 3 4 6 8 9 11 12 13 14 15 16 17 18 19 20 21 27 | 27.0
Ranged Weapons | 5 7 8 10 12 13 14 15 16 17 18 19 20 21 | 21.5
Dodging        | 3 7 9 12 13 15 16 18 19 20 21 22 23 24 | 24.3
Stealth        | 7 10 14 19 | 19.9
Evocations     | 4 5 8 11 14 18 21 | 21.7
Spellcasting   | 5 6 8 11 | 11.4

Action                     |  1- 3 |  4- 6 |  7- 9 | 10-12 | 13-15 | 16-18 | 19-21 | 22-24 | 25-27 || total
---------------------------+-------+-------+-------+-------+-------+-------+-------+-------+-------++-------
  Melee: Short sword       |       |     7 |       |       |       |       |       |       |       ||     7
         Punch             |       |     2 |       |       |       |       |       |       |       ||     2
         Constrict         |       |     1 |       |       |       |       |       |       |       ||     1
   Fire: Shortbow          |    98 |    95 |       |       |       |       |       |       |       ||   193
         Arbalest          |       |     6 |   224 |   419 |  1231 |   911 |  1347 |   423 |  1617 ||  6178
 Invoke: Curse Item        |       |     1 |     3 |     2 |     3 |     2 |     3 |     3 |     1 ||    18
         Shatter the Chain |       |       |       |       |     1 |     2 |     3 |     1 |       ||     7
  Evoke: Box of beasts     |       |       |       |       |     1 |       |       |       |       ||     1
         Wand              |       |       |       |       |       |     2 |       |       |     3 ||     5
    Use: Scroll            |     5 |     7 |       |       |     6 |     6 |     1 |     5 |     7 ||    37
         Potion            |       |       |       |     2 |     1 |     6 |       |     5 |     6 ||    20
 Armour: Skin              |    21 |    17 |    24 |    54 |   223 |   162 |   120 |    51 |   153 ||   825
  Dodge: Dodged            |    28 |    16 |    39 |   109 |   636 |   465 |   941 |   346 |  1487 ||  4067

Table legend: (Time is in decaauts)
 A = Elapsed time spent in this place.
 B = Non-inter-level travel time spent in this place.
 C = Inter-level travel time spent in this place.
 D = Time resting spent in this place.
 E = Time spent auto-exploring this place.
 F = Levels seen in this place.
 G = Mean time per level.
                   A        B        C        D        E       F      G
               +--------+--------+--------+--------+--------+-----+--------+
         Total |  76632 |  72935 |   3697 |  26394 |  31450 |  52 | 1473.7 |
       Dungeon |  16204 |  14872 |   1332 |   3321 |   8540 |  15 | 1080.3 |
          Lair |  11966 |  11019 |    947 |   5966 |   2973 |   5 | 2393.2 |
        Shoals |   4395 |   4238 |    157 |     96 |   2907 |   4 | 1098.8 |
   Spider Nest |   5052 |   4899 |    153 |   1120 |   2850 |   4 | 1263.0 |
  Orcish Mines |   1730 |   1626 |    104 |    311 |    752 |   2 |  865.0 |
   Elven Halls |   7214 |   7092 |    122 |   3673 |   2258 |   3 | 2404.7 |
        Vaults |   7039 |   6581 |    458 |    940 |   4427 |   4 | 1759.8 |
        Depths |   6198 |   5958 |    240 |   1685 |   3168 |   4 | 1549.5 |
           Zot |  10727 |  10547 |    180 |   6012 |   2785 |   5 | 2145.4 |
         Abyss |    256 |    256 |      0 |     93 |      0 |   2 |  128.0 |
         Sewer |    591 |    591 |      0 |     22 |    342 |   1 |  591.0 |
      Ice Cave |   1617 |   1617 |      0 |   1192 |     26 |   1 | 1617.0 |
       Volcano |    390 |    390 |      0 |    107 |    134 |   1 |  390.0 |
    Desolation |   3247 |   3247 |      0 |   1854 |    288 |   1 | 3247.0 |
               +--------+--------+--------+--------+--------+-----+--------+

Top non-repeatable levels by time:
   Zot:5: 6390 daAuts
  Lair:4: 4481 daAuts
   Elf:3: 3712 daAuts
Desolation: 3247 daAuts
  Lair:5: 2985 daAuts
Vaults:1: 2441 daAuts
   Elf:2: 2344 daAuts
Depths:1: 2007 daAuts
Spider:4: 1962 daAuts
  Lair:3: 1953 daAuts
   Zot:4: 1715 daAuts
     D:4: 1706 daAuts
Depths:2: 1677 daAuts
Vaults:2: 1650 daAuts
   IceCv: 1617 daAuts
